 Dungeon Crawl Stone Soup version 0.24.0-13-gcf9b319 (webtiles) character file.

Game seed: 3295058085037350273, levelgen mode: deterministic

5758 Bronimir the Zephyrmancer (level 10, -7/59 HPs)
             Began as a Tengu Air Elementalist on Apr 10, 2020.
             Was a Believer of Ru.
             Mangled by a komodo dragon (8 damage)
             ... on level 1 of the Lair of Beasts on Apr 11, 2020.
             The game lasted 00:25:35 (9681 turns).

Bronimir the Zephyrmancer (Tengu Air Elementalist)  Turns: 9681, Time: 00:25:36

Health: -7/59      AC: 12    Str: 11    XL:     10   Next: 78%
Magic:  2/17       EV: 16    Int: 22    God:    Ru [**....]
Gold:   377        SH:  0    Dex: 15    Spells: 3/18 levels left

rFire    . . .     SeeInvis .   a - +4 quarterstaff (chaos)
rCold    . . .     Gourm    .   (shield currently unavailable)
rNeg     . . .     Faith    .   e - +0 ring mail
rPois    .         Spirit   .   (helmet restricted)
rElec    .         Reflect  .   x - +2 cloak
rCorr    +         Harm     .   l - +2 pair of gloves
MR       .....                  (boots unavailable)
Stlth    ..........             (no amulet)
HPRegen  0.19/turn              D - +6 ring of intelligence
MPRegen  0.15/turn              r - ring of resist corrosion

@: flying quickly and evasively, quick
A: beak, talons 3, no stealth, inexperienced 1, able to fly
a: Stop Flying, Renounce Religion


You were on level 1 of the Lair of Beasts.
You worshipped Ru.
Ru was pleased with you.
You were very hungry.

You visited 2 branches of the dungeon, and saw 9 of its levels.

You collected 377 gold pieces.

Inventory:

Hand Weapons
 a - a +4 quarterstaff of chaos (weapon)
 b - a +1 shortbow
 k - a +0 club
 s - a +0 scimitar of flaming
 w - a +0 mace
 H - a +0 trident
 J - a +0 hand crossbow
 P - a -1 hunting sling
Missiles
 h - 29 poisoned darts
 m - 160 arrows
 o - 46 bolts
 t - 269 stones (quivered)
 E - 38 sling bullets
Armour
 e - a +0 ring mail (worn)
 i - a +0 robe
 l - a +2 pair of gloves (worn)
 x - a +2 cloak (worn)
Magical Staves
 z - an uncursed staff of wizardry
Jewellery
 r - a ring of resist corrosion (right hand)
 y - an uncursed ring of protection from cold
 C - an uncursed ring of see invisible
 D - a +6 ring of intelligence (left hand)
 G - an uncursed ring of positive energy
 Q - an uncursed ring of protection from fire
Wands
 v - a wand of polymorph (8)
Scrolls
 n - 6 scrolls of remove curse
 p - 6 scrolls of identify
 q - 4 scrolls of teleportation
 F - 2 scrolls of magic mapping
 L - a scroll of amnesia
 M - 3 scrolls of fear {unknown}
 O - 4 scrolls of noise {unknown}
 R - a scroll of fog
 S - a scroll of vulnerability {unknown}
 U - a scroll of enchant weapon
Potions
 d - a potion of mutation {unknown}
 f - 2 potions of curing
 g - a potion of lignification
 j - 2 potions of flight
 u - a potion of might {unknown}
 A - a potion of cancellation {unknown}
 B - a potion of invisibility {unknown}
 I - a potion of haste {unknown}
 K - a potion of brilliance {unknown}
 N - a potion of degeneration {unknown}
Comestibles
 c - 10 rations
 T - 2 chunks of flesh


   Skills:
 * Level 5.2 Fighting
 + Level 0.5(5.4) Maces & Flails
 + Level 8.7 Staves
 + Level 1.6 Bows
 * Level 6.2 Armour
 * Level 6.2 Dodging
 + Level 4.5 Spellcasting
 * Level 7.5 Conjurations
 * Level 9.2 Air Magic


You had 3 spell levels left.
You knew the following spells:

 Your Spells              Type           Power        Failure   Level  Hunger
a - Shock                 Conj/Air       ####         1%          1    None
b - Swiftness             Chrm/Air       ####....     4%          2    None
c - Static Discharge      Conj/Air       #####...     2%          3    ##.....
d - Airstrike             Air            #####.....   4%          4    ####...
e - Lightning Bolt        Conj/Air       #####.....   21%         5    #####..

Your spell library contained the following spells:

 Spells                   Type           Power        Failure   Level  Hunger
 Animate Skeleton         Necr           N/A          22%         1    None
 Corona                   Hex            #......      22%         1    None
 Pain                     Necr           #...         22%         1    None
 Slow                     Hex            #.......     34%         2    None
 Inner Flame              Hex/Fire       #.......     56%         3    ##.....
 Portal Projectile        Hex/Tloc       #.....       56%         3    ##.....
 Recall                   Summ/Tloc      N/A          56%         3    ##.....
 Regeneration             Chrm/Necr      #.........   56%         3    ##.....
 Vampiric Draining        Necr           #.........   56%         3    ##.....
 Animate Dead             Necr           N/A          92%         4    ####...
 Cause Fear               Hex            #.........   92%         4    ####...
 Leda's Liquefaction      Hex/Erth       #.........   92%         4    ####...
 Aura of Abjuration       Summ           #.........   99%         5    #####..
 Summon Demon             Summ           #.........   99%         5    #####..
 Summon Forest            Summ/Tloc      #.........   99%         5    #####..
 Summon Mana Viper        Hex/Summ       #.......     99%         5    #####..
 Shadow Creatures         Summ           N/A          100%        6    #######


Dungeon Overview and Level Annotations

Branches:
Dungeon (8/15)             Temple (0/1) D:4            Lair (1/6) D:8

Altars:
Dithmenos
Elyvilon
Hepliaklqana
Kikubaaqudgha
Qazlal
Ru
Uskayaw
Yredelemnul
The Shining One

Shops:
D:7 =

Annotations:
D:6 5 runed translucent doors


Innate Abilities, Weirdness & Mutations

You have a beak for a mouth.
You have claws for feet.
You cannot be stealthy.
You are somewhat inexperienced. (-2 XL)
You can fly continuously.


Message History

You don't have enough magic to cast that spell.
Unknown command.
You are feeling very hungry.
The komodo dragon bites you!!
You focus your will and blind the komodo dragon in retribution!
You barely miss the komodo dragon.
You claw the komodo dragon, but do no damage.
Your peck misses the komodo dragon.
The komodo dragon is severely wounded.
The komodo dragon bites you but does no damage.
You hit the komodo dragon.
Space bends around the komodo dragon.
Your peck misses the komodo dragon.
The komodo dragon is severely wounded.
The komodo dragon bites you!!
* * * LOW HITPOINT WARNING * * *
You barely miss the komodo dragon. Your kick misses the komodo dragon.
Your peck misses the komodo dragon.
The komodo dragon is severely wounded.
The komodo dragon bites you!
You die...

#.....†#.....#
###?#.#.<......#
...#..#.÷.#..##
##...##......###
####....##..#....P#.
#....>..#............
##...[.....##.........
#P.....P...#......P.#.
##P..@...#.#..#....##
#....#l.#.[....#...##
##.........##.######
#...#..####..#
.......## .##
........# ........#
..# ...#


You could see a komodo dragon (blind).

Vanquished Creatures
  Erica (Lair:1)
  A two-headed ogre (D:8)
  2 hippogriffs
  3 wargs (D:8)
  3 orc warriors
  A black bear (D:6)
  A sky beast (D:5)
  2 necrophages
  3 ice beasts
  2 ogres (D:7)
  2 centaurs
  A phantom (D:8)
  2 crocodiles (Lair:1)
  A big kobold (D:8)
  6 bullfrogs
  3 scorpions
  6 killer bees
  3 howler monkeys (D:8)
  3 crimson imps
  6 hounds
  A centaur skeleton (D:8)
  3 jellies
  8 orc priests
  Crazy Yiuf (D:2)
  A gnoll shaman (D:7)
  9 orc wizards
  2 bullfrog skeletons
  8 worker ants
  2 worker ant zombies (D:6)
  3 gnolls (D:7)
  10 adders
  3 shadow imps
  15 oozes
  A worm (D:2)
  3 dart slugs (D:1)
  7 leopard geckos
  27 orcs
  3 ball pythons
  10 giant cockroaches
  7 goblins
  12 hobgoblins
  12 jackals
  A quokka (D:1)
  6 bats
  3 frilled lizards
  A hobgoblin zombie (D:7)
  A jackal zombie (D:7)
  17 kobolds
  An orc zombie (D:7)
  7 rats
  A rat zombie (D:7)
238 creatures vanquished.

Vanquished Creatures (others)
  A worker ant zombie (D:6)
  A fungus (D:4)
  2 plants (D:8)
  8 toadstools (D:4)
12 creatures vanquished.

Grand Total: 250 creatures vanquished

Notes
Turn   | Place    | Note
-------+----------+-------------------------------------------
     0 | D:1      | Bronimir the Tengu Air Elementalist began the quest for the
                  | Orb.
     0 | D:1      | Reached XP level 1. HP: 10/10 MP: 4/4
   312 | D:1      | Reached XP level 2. HP: 15/15 MP: 1/6
   831 | D:1      | Reached XP level 3. HP: 20/20 MP: 0/7
  1702 | D:1      | Learned a level 2 spell: Swiftness
  1709 | D:1      | Learned a level 3 spell: Static Discharge
  1913 | D:2      | Reached skill level 1 in Armour
  1932 | D:2      | Found a runed translucent door.
  1933 | D:2      | Noticed Crazy Yiuf
  1959 | D:2      | Killed Crazy Yiuf
  1959 | D:2      | Reached skill level 5 in Air Magic
  1959 | D:2      | Reached XP level 4. HP: 24/24 MP: 1/9
  2154 | D:2      | Found a glowing golden altar of the Shining One.
  2472 | D:2      | Found a hide-covered altar of Uskayaw.
  2473 | D:2      | Found a shadowy altar of Dithmenos.
  2475 | D:2      | Found a sacrificial altar of Ru.
  2567 | D:2      | Became a worshipper of Ru the Awakened
  2856 | D:3      | Reached skill level 1 in Fighting
  2856 | D:3      | Gained mutation: You can fly continuously. [Tengu growth]
  2856 | D:3      | Reached XP level 5. HP: 29/29 MP: 10/10
  2872 | D:3      | Reached skill level 1 in Staves
  3430 | D:4      | Reached XP level 6. HP: 34/34 MP: 11/11
  3476 | D:4      | Gained mutation: You are somewhat inexperienced. (-2 XL)
                  | [Ru sacrifice]
  3476 | D:4      | Reached XP level 5. HP: 29/29 MP: 10/10
  3476 | D:4      | Reached XP level 4. HP: 25/25 MP: 9/9
  3476 | D:4      | Reached * piety under Ru
  3476 | D:4      | Reached ** piety under Ru
  3510 | D:4      | Found a staircase to the Ecumenical Temple.
  3624 | D:4      | Reached XP level 5. HP: 21/29 MP: 0/10
  4244 | D:4      | Reached XP level 6. HP: 5/35 MP: 3/11
  4616 | D:4      | Learned a level 4 spell: Airstrike
  4677 | D:5      | Entered Level 5 of the Dungeon
  4980 | D:5      | Noticed a sky beast
  4990 | D:5      | Killed a sky beast
  4990 | D:5      | Reached XP level 7. HP: 34/40 MP: 12/12
  4997 | D:5      | Found a hazy altar of Hepliaklqana.
  5331 | D:5      | Reached skill level 5 in Staves
  5331 | D:5      | Reached skill level 6 in Air Magic
  5996 | D:6      | Found a runed translucent gate.
  5998 | D:6      | Found a runed translucent gate.
  6001 | D:6      | Found a runed translucent gate.
  6003 | D:6      | Noticed a soldier ant
  6003 | D:6      | Noticed a soldier ant
  6003 | D:6      | Noticed a soldier ant
  6009 | D:6      | Found a runed translucent door.
  6019 | D:6      | Found a runed translucent door.
  6042 | D:6      | Reached XP level 8. HP: 41/45 MP: 14/14
  6811 | D:6      | Found an ancient bone altar of Kikubaaqudgha.
  6853 | D:7      | Reached skill level 7 in Air Magic
  6869 | D:7      | Found Begaawun's Jewellery Shop.
  6895 | D:7      | Reached skill level 5 in Conjurations
  6902 | D:7      | Reached XP level 9. HP: 44/51 MP: 10/16
  7245 | D:7      | Found a stormy altar of Qazlal.
  7312 | D:7      | Learned a level 5 spell: Lightning Bolt
  7329 | D:7      | Found a white marble altar of Elyvilon.
  7392 | D:7      | Found a sand-covered staircase.
  7506 | D:7      | Found a basalt altar of Yredelemnul.
  8030 | D:8      | Reached skill level 1 in Bows
  8030 | D:8      | Reached skill level 5 in Armour
  8076 | D:8      | Reached skill level 5 in Dodging
  8358 | D:8      | Reached XP level 10. HP: 43/57 MP: 7/17
  8365 | D:8      | Reached skill level 8 in Air Magic
  9005 | D:8      | Found a staircase to the Lair.
  9008 | D:8      | Gained mutation: You cannot be stealthy. [Ru sacrifice]
  9204 | D:8      | Noticed a two-headed ogre
  9215 | D:8      | Killed a two-headed ogre
  9454 | Lair:1   | Entered Level 1 of the Lair of Beasts
  9458 | Lair:1   | Reached skill level 5 in Fighting
  9585 | Lair:1   | Noticed Erica
  9601 | Lair:1   | Killed Erica
  9601 | Lair:1   | Reached skill level 9 in Air Magic
  9680 | Lair:1   | HP: 1/59 [komodo dragon (22)]
  9681 | Lair:1   | Mangled by a komodo dragon

Levels and vault maps discovered:
D:1:      minmay_arrival_up_and_down, layout_basic, minmay_split_cup_small
D:2:      cheibrodos_old_hovel, layout_rooms, minitemple,
          uniq_crazy_yiuf_cottage
D:3:      layout_loops_ring
D:4:      cheibrodos_fertilizer, layout_loops_ring,
          minmay_temple_entry_statues_pillars, kennysheep_nub
D:5:      layout_basic, nicolae_overflow_crystal_walls, first_ration
D:6:      layout_rooms, kennysheep_mini_moat,
          minmay_guarded_unrand_staff_of_olgreb
D:7:      layout_basic, kennysheep_ying_yang, grunt_qazlal_clouds,
          enter_ossuary_3, serial_shops, nicolae_shop_crystal,
          corexii_item_surrounded_by_moat, minmay_checkerbox
D:8:      layout_loops_ring, erik_lair_orcish_takeover
Lair:1:   layout_misc_corridors, serial_bayou_shore_b, grunt_megastairs_4,
          uniq_erica

Skill      XL: |  1  2  3  4  5  6  7  8  9 10 |
---------------+-------------------------------+-----
Armour         | 1 2 3 4 5 6 |  6.2
Conjurations   | 2 3 4 5 6 7 |  7.5
Air Magic      | 5 6 7 9 |  9.2
Fighting       | 1 2 3 4 5 |  5.2
Staves         | 3 2 4 5 7 8 |  8.7
Spellcasting   | 3 4 |  4.5
Dodging        | 3 5 6 |  6.2
Bows           | 1 |  1.6
Stealth        | 0 |  0.0
Maces & Flails | |  0.5

Action                   |  1- 3 |  4- 6 |  7- 9 | 10-12 || total
-------------------------+-------+-------+-------+-------++-------
Melee: Club              |     7 |       |       |       ||     7
       Kick              |     2 |    26 |    49 |    18 ||    95
       Mace              |    10 |       |       |       ||    10
       Peck              |     2 |    13 |    33 |    11 ||    59
       Unarmed           |     1 |       |       |       ||     1
       Quarterstaff      |       |   143 |   212 |    72 ||   427
 Fire: Hunting sling     |       |       |     3 |       ||     3
       Shortbow          |       |       |    33 |     4 ||    37
 Cast: Shock             |    66 |    10 |    12 |     2 ||    90
       Swiftness         |     1 |       |       |     1 ||     2
       Static Discharge  |       |     6 |    19 |     6 ||    31
       Airstrike         |       |       |    15 |    11 ||    26
Invok: Sacrifice Experie |       |     1 |       |       ||     1
       Sacrifice Stealth |       |       |       |     1 ||     1
 Abil: Fly               |       |     1 |       |       ||     1
Evoke: Wand              |       |       |       |     3 ||     3
  Use: Potion            |       |     2 |     2 |       ||     4
       Scroll            |       |     7 |     4 |       ||    11
 Stab: Sleeping          |       |    14 |       |       ||    14
       Distracted        |       |     1 |       |       ||     1
       Paralysed         |       |       |     1 |       ||     1
       Confused          |       |       |     2 |       ||     2
       Petrified         |       |       |     2 |       ||     2
  Eat: Chunk             |     3 |     8 |    14 |     5 ||    30
       Ration            |       |     1 |       |       ||     1
Armor: Robe              |     9 |    32 |       |       ||    41
       Skin              |       |     5 |       |       ||     5
       Ring mail         |       |     5 |    74 |    28 ||   107
Dodge: Dodged            |    23 |   102 |   179 |    54 ||   358
